AoeStats
← Rocket

Arena

511130367Analyzed
3v3 RM · 13d ago on Oct 3, 2026· 47m 24s· 6 players
Game mode
Random Map
Map size
Normal (6 player)
Population
200
Speed
Normal
Resources
Standard
Victory
Conquest
Starting age
Dark Age
Ending age
Imperial Age
RankedLock teamsTeams togetherTeam positionsShared explorationLock speedFull tech treeHidden civsTurbo modeCheats
Victory
Defeat
🇨🇳 Saxons · China
1246
+18
1224
+19
🇺🇸 Britons · United States
1200
+20
vs
🇺🇸 Bohemians · United States
1333
-21
🇺🇸 Bengalis · United States
1333
-21
🇩🇪 Varangians · Germany
1184
-23
kacperowski
9:50 Feudal Age
10:30 Feudal Age
15:09 Castle Age
13:46 Double-Bit Axe
13:44 Horse Collar
16:09 Bow Saw
16:07 Heavy Plow
17:38 Loom
23:19 Fletching
23:29 Padded Archer Armor
23:28 Gold Mining
23:28 Stone Mining
24:45 Wheelbarrow
25:59 Ballistics
26:17 Gold Shaft Mining
27:27 Bodkin Arrow
27:47 Leather Archer Armor
31:06 Imperial Age
28:23 Town Watch
30:05 Yeomen
30:07 Hand Cart
29:52 Town Patrol
32:47 Bracer
33:17 Ring Archer Armor
32:14 Elite Longbowman
37:07 Chemistry
36:13 Siege Engineers
40:53 Conscription
44:31 Warwolf
驯龙骑士尹志平
11:05 Feudal Age
14:46 Castle Age
12:42 Double-Bit Axe
12:41 Horse Collar
13:16 Stone Mining
16:02 Bow Saw
16:45 Loom
22:01 Heavy Plow
30:13 Imperial Age
28:20 Wheelbarrow
27:31 Town Watch
28:09 Town Patrol
28:08 Gold Mining
28:51 Forging
28:41 Scale Mail Armor
29:52 Hand Cart
30:18 Iron Casting
29:06 Pikeman
29:32 Arson
30:56 Stone Shaft Mining
31:00 Chain Mail Armor
32:05 Two-Man Saw
31:36 Conscription
32:00 Arquebus
33:45 Blast Furnace
33:16 Plate Mail Armor
32:15 Halberdier
33:35 Treadmill Crane
34:16 Ballistics
35:52 Chemistry
36:08 Siege Engineers
35:27 Elite Organ Gun
38:02 Light Cavalry
38:52 Bloodlines
38:40 Cavalier
39:20 Husbandry
39:39 Scale Barding Armor
44:25 Chain Barding Armor
46:27 Plate Barding Armor
45:55 Cavalier
无心
10:51 Feudal Age
9:07 Loom
11:44 Town Watch
14:35 Castle Age
13:41 Double-Bit Axe
13:43 Horse Collar
19:58 Fletching
24:09 Stone Mining
24:09 Gold Mining
35:30 Bow Saw
38:27 Bodkin Arrow
40:11 Wheelbarrow
40:17 Wheelbarrow
42:24 Imperial Age
41:13 Thumb Ring
41:48 Ballistics
42:10 Wheelbarrow
41:55 Padded Archer Armor
43:01 Gold Shaft Mining
42:34 Cranequins
43:51 Conscription
44:26 Bracer
45:32 Chemistry
44:12 Elite Skirmisher
46:12 Hand Cart
46:59 Two-Man Saw
46:24 Heavy Mounted Crossbowman
47:56 Forging
48:02 Leather Archer Armor
MrGodly0708
10:50 Feudal Age
14:27 Castle Age
13:09 Horse Collar
13:20 Double-Bit Axe
15:48 Bow Saw
15:40 Heavy Plow
22:52 Wheelbarrow
22:03 Loom
24:02 Hand Cart
33:30 Imperial Age
33:56 Imperial Age
39:39 Crop Rotation
Rocket
10:32 Feudal Age
14:08 Castle Age
11:57 Double-Bit Axe
12:34 Horse Collar
15:06 Bow Saw
19:05 Wheelbarrow
20:59 Hand Cart
22:12 Fervor
25:08 Heavy Plow
27:41 Imperial Age
25:35 Heavy Plow
25:30 Loom
25:31 Town Watch
27:03 Chemistry
26:41 Wagenburg Tactics
27:49 Padded Archer Armor
29:07 Conscription
29:56 Two-Man Saw
29:41 Crossbowman
30:29 Fletching
30:10 Arbalester
31:23 Ballistics
31:41 Bodkin Arrow
32:43 Houfnice
33:40 Bracer
33:56 Leather Archer Armor
37:04 Siege Engineers
40:06 Ring Archer Armor
Baerliner
10:17 Feudal Age
15:01 Castle Age
13:18 Horse Collar
18:59 Double-Bit Axe
22:41 Wheelbarrow
24:01 Wheelbarrow
23:41 Loom
25:09 Hand Cart
29:09 Imperial Age
26:54 Fortified Wall
26:25 Treadmill Crane
28:27 Bow Saw
28:21 Heavy Plow
28:48 Ballistics
28:30 Town Watch
29:24 Town Patrol
29:33 Scale Barding Armor
29:19 Fletching
29:25 Gold Mining
31:46 Two-Man Saw
30:56 Scale Mail Armor
31:07 Forging
33:15 Iron Casting
32:55 Chain Mail Armor
32:15 Gothikon
32:42 Elite Varangian Guard
33:23 Squires
33:09 Gambesons
33:45 Arson
36:41 Conscription
43:13 Blast Furnace
42:44 Plate Mail Armor
Connection lost

Rejoining the realm…

Still unreachable

The connection could not be restored.

Session expired

The server has moved on; the page needs a fresh start.